 Dungeon Crawl Stone Soup version 0.29.0-4-gdea44cf6ec (webtiles) character file.

Game seed: 15931564895481515397

7035 qw the Cleaver (level 11, -14/78 HPs)
             Began as a Gargoyle Berserker on Sept 6, 2022.
             Was a Priest of Trog.
             Killed from afar by an ice statue (25 damage)
             ... with a bolt of cold
             ... on level 9 of the Dungeon.
             The game lasted 00:04:08 (11837 turns).

qw the Cleaver (Gargoyle Berserker)                Turns: 11837, Time: 00:04:09

Health: -14/78     AC: 26    Str: 26    XL:     11   Next: 9%
Magic:  20/20      EV: 13    Int:  7    God:    Trog [***...]
Gold:   451        SH:  5    Dex: 13    Spells: 10/10 levels left

rFire   . . .      SeeInvis +   Y - +0 war axe
rCold   . . .      Faith    .   n - +0 buckler
rNeg    + . .      Spirit   .   h - +0 chain mail
rPois   inf        Reflect  .   a - +2 helmet
rElec   +          Harm     .   o - +0 cloak
rCorr   .          Rampage  .   v - +0 pair of gloves
Will    .....                   k - +0 pair of boots
Stlth   ..........              (no amulet)
HPRegen 0.23/turn               m - ring of Xom's Fair Game {rElec MP+9 Dex+4 SInv}
MPRegen 0.17/turn               t - +4 ring of evasion

@: about to teleport, on berserk cooldown, slowed, very slow
A: sickness immunity, AC +8, negative energy resistance 1, electricity
resistance, torment resistance 1, petrification resistance, robust 1, subdued
magic 1
a: Renounce Religion, Berserk, Trog's Hand


You were on level 9 of the Dungeon.
You worshipped Trog.
Trog was most pleased with you.
You visited 1 branch of the dungeon, and saw 9 of its levels.
You also visited: Ossuary.

You collected 509 gold pieces.
You spent 58 gold pieces at shops.


Innate Abilities, Weirdness & Mutations

You are immune to sickness and miasma.
Your stone body is resilient. (AC +8)
You are immune to poison.
You resist negative energy. (rN+)
You are resistant to electric shocks. (rElec)
You are resistant to unholy torment.
You are immune to petrification.
You are robust. (+10% HP)
Your spells are a little easier to cast, but a little less powerful.


   Skills:
 - Level 9.0 Fighting
 + Level 11.3 Axes
 - Level 1.3 Throwing
 - Level 7.6 Armour
 - Level 2.9 Dodging
 - Level 5.0 Shields


You had 10 spell levels left.
You didn't know any spells.
Your spell library was empty.

Inventory:

Hand Weapons
 g - a +0 flail of protection
 Y - a +0 war axe (weapon)
Missiles
 f - 6 boomerangs (quivered)
Armour
 a - a +2 helmet (worn)
 h - a +0 chain mail (worn)
 k - a +0 pair of boots (worn)
 n - a +0 buckler (worn)
 o - a +0 cloak (worn)
 v - a +0 pair of gloves (worn)
Jewellery
 b - the ring "Aratedir" {Fire rElec Int+5}
   (You acquired it on level 2 of the Dungeon)

   [ring of fire]

   It enhances your fire magic.
   Int:       It affects your intelligence (+5).
   rF:        It protects you from fire.
   rC:        It makes you vulnerable to cold.
   rElec:     It insulates you from electricity.
 m - the ring of Xom's Fair Game (left hand) {rElec MP+9 Dex+4 SInv}
   (You found it on level 6 of the Dungeon)

   [ring of see invisible]

   Dex:       It affects your dexterity (+4).
   rElec:     It insulates you from electricity.
   MP:        It affects your magic capacity (+9).
   SInv:      It lets you see invisible.
 t - a +4 ring of evasion (right hand)
Wands
 l - a wand of digging (15)
Scrolls
 q - a scroll of identify
 u - a scroll of teleportation
 w - a scroll of brand weapon {unknown}
 x - a scroll of enchant weapon {unknown}
Potions
 c - 5 potions of curing
 d - a potion of might
 e - 3 potions of heal wounds
 i - 5 potions of haste
 j - a potion of resistance
 p - 2 potions of mutation
 r - a potion of ambrosia {unknown}
 s - 2 potions of cancellation

Dungeon Overview and Level Annotations

Branches:
Dungeon (9/15)             Temple (0/1) D:5         Ossuary (visited)
   Lair: D:8-11         Orc: D:9-12

Altars:
Dithmenos
Kikubaaqudgha
Makhleb
The Shining One

Shops:
D:5 *


Message History

The ice beast hits you but does no damage.
You closely miss the ice beast.
The ice beast is heavily wounded.
You barely miss the ice beast. You closely miss the ice beast.
You block the ice beast's attack.
The ice beast hits you but does no damage.
The ice beast misses you.
You slash the ice beast!
The ice beast is severely wounded.
You barely miss the ice beast. x2
The ice beast hits you but does no damage. x2
The ice beast barely misses you.
The ice beast hits you but does no damage.
The ice beast barely misses you.
The ice beast hits you but does no damage.
You hit the ice beast.
The ice beast is almost dead.
You slash the ice beast! You hit the ice beast. The ice statue gestures at you.
The bolt of cold hits the ice beast.
The ice beast completely resists.
The bolt of cold hits you!
The ice beast hits you but does no damage. x2
The ice beast barely misses you.
You hit the ice beast.
The ice beast is almost dead.
You closely miss the ice beast. You slash the ice beast!
The ice beast misses you. The ice beast closely misses you.
The ice beast hits you. The ice beast freezes you!
The ice beast hits you but does no damage.
The ice beast barely misses you. x2
11837 ||| READING 2 scrolls of teleportation.
As you read the scroll of teleportation, it crumbles to dust.
You feel strangely unstable. You block the ice beast's attack.
The ice beast hits you but does no damage.
You block the ice beast's attack. The ice statue gestures at you.
The bolt of cold hits the ice beast.
The ice beast completely resists.
The bolt of cold hits you!!
You die...

..........<..#
.............##.....#
..##########.##.....#
..# #.##.....# ..#
#.##.....# ..#
#.##~~~~~# ..#
#.##~~8~~# ..####
#.##YY~~~#
.....#######.##.@Y..#
.............##.....#
..#####'###..##.....#
..#.......#..##.....#
..#.......#..##.....#
..#.......#..##}...}#
..#########.........#
....................#
....................#


You could see an ice statue and 3 ice beasts.

Vanquished Creatures
  Erolcha (D:9)
  Pikel (D:8)
  Maggie (D:6)
  Grinder (D:6)
  A hornet (D:9)
  Sigmund (D:5)
  A wraith (D:6)
  4 yaks
  3 vampire mosquitoes
  Menkaure (D:5)
  A steam dragon (D:9)
  Edmund (D:5)
  A water moccasin (D:7)
  Duvessa (D:6)
  2 orc warriors
  A sky beast (D:7)
  3 ice beasts
  4 black bears
  An ogre (D:4)
  2 phantoms
  3 kobold brigands
  3 bullfrogs
  A necrophage (D:4)
  A gnoll sergeant (D:6)
  3 scorpions
  5 wights (D:8)
  Dowan (D:6)
  6 killer bees (D:6)
  3 howler monkeys
  7 orc priests
  3 hounds
  A human zombie (Ossuary)
  Ijyb (D:5)
  Terence (D:3)
  5 iguanas
  8 orc wizards
  3 mummies (Ossuary)
  6 gnolls
  13 adders
  4 shadow imps
  2 white imps (D:7)
  A worm (D:4)
  2 dart slugs
  20 orcs
  4 ball pythons
  6 bats
  3 endoplasms
  4 giant cockroaches
  2 gnoll zombies (Ossuary)
  7 goblins
  4 hobgoblins
  17 kobolds
  2 quokkas
  3 frilled lizards
  2 goblin zombies (Ossuary)
  2 kobold zombies (Ossuary)
  An orc zombie (Ossuary)
  5 rats
197 creatures vanquished.

Vanquished Creatures (others)
  2 fungi (D:3)
  5 plants (D:3)
7 creatures vanquished.

Grand Total: 204 creatures vanquished

Notes
Turn   | Place    | Note
-------+----------+-------------------------------------------
     0 | D:1      | qw the Gargoyle Berserker began the quest for the Orb.
     0 | D:1      | Reached XP level 1. HP: 14/14 MP: 1/1
     0 | D:1      | 0 ||| qw: Version: 0.1-a-107-g9ff403c
     0 | D:1      | 0 ||| qw: Game counter: 6073
     0 | D:1      | 0 ||| qw: Always use a shield: true
     0 | D:1      | 0 ||| qw: Do Orc after D:15 true
     0 | D:1      | 0 ||| qw: Do second Lair branch before Depths: true
     0 | D:1      | 0 ||| qw: Lair rune preference: random
     0 | D:1      | 0 ||| qw: Plans: Normal
     0 | D:1      | 0 ||| PLANNING D:1-11
    77 | D:1      | Reached skill level 3 in Axes
    84 | D:1      | Reached XP level 2. HP: 16/19 MP: 2/2
   120 | D:1      | You fall into a shaft and drop 1 floor!
   255 | D:1      | 255 ||| Stepping ~*~*~tactically~*~*~ (stealth).
   341 | D:1      | 341 ||| Stepping ~*~*~tactically~*~*~ (stealth).
   343 | D:1      | 343 ||| Stepping ~*~*~tactically~*~*~ (hiding).
   354 | D:1      | Reached XP level 3. HP: 22/23 MP: 3/3
   596 | D:1      | 596 ||| Stepping ~*~*~tactically~*~*~ (stealth).
   608 | D:1      | 608 ||| Stepping ~*~*~tactically~*~*~ (stealth).
   609 | D:1      | 609 ||| Stepping ~*~*~tactically~*~*~ (stealth).
   610 | D:1      | 610 ||| Stepping ~*~*~tactically~*~*~ (stealth).
  1245 | D:1      | 1245 ||| UPGRADING to +0 chain mail.
  1255 | D:1      | 1255 ||| DROPPING +0 animal skin.
  1256 | D:1      | 1256 ||| READING scroll labelled SUSEN AMEMO.
  1257 | D:1      | 1257 ||| READING scroll labelled ODUCAV INAS.
  1258 | D:1      | 1258 ||| DRINKING 2 cyan potions.
  1324 | D:2      | Reached skill level 4 in Axes
  1390 | D:2      | Found a faded altar of an unknown god.
  1610 | D:2      | 1610 ||| SWAPPING to +0 war axe.
  1611 | D:2      | 1611 ||| DROPPING +0 hand axe.
  1622 | D:2      | Reached XP level 4. HP: 27/28 MP: 4/4
  1641 | D:2      | Reached ** piety under Trog
  1778 | D:2      | 1778 ||| UPGRADING to +0 helmet.
  1783 | D:2      | 1783 ||| DROPPING amulet of magic regeneration.
  1784 | D:2      | 1784 ||| READING scroll labelled KIUSHU XUZ LOM.
  1784 | D:2      | Identified a scroll of acquirement
  1784 | D:2      | 1784 ||| ACQUIRING ring "Aratedir" {Fire rElec Int+5}
  1784 | D:2      | Acquired the ring "Aratedir" {Fire rElec Int+5}
  1786 | D:2      | 1786 ||| READING scroll labelled YPNUOWKUKI.
  1887 | D:2      | 1887 ||| DRINKING 3 murky puce potions.
  1933 | D:3      | 1933 ||| DROPPING +0 club.
  2041 | D:3      | Found a burning altar of Makhleb.
  2049 | D:3      | Identified the +0 leather armour of the Dungeon {rF+ Regen+
                  | Dex+3}
  2102 | D:3      | Found a shadowy altar of Dithmenos.
  2102 | D:3      | Found an ancient bone altar of Kikubaaqudgha.
  2171 | D:3      | 2171 ||| INVOKING Berserk.
  2180 | D:3      | Reached skill level 5 in Axes
  2183 | D:3      | Reached XP level 5. HP: 33/33 MP: 5/5
  2374 | D:3      | 2374 ||| DROPPING +0 whip.
  2542 | D:3      | 2542 ||| INVOKING Berserk.
  2744 | D:3      | 2744 ||| Stepping ~*~*~tactically~*~*~ (hiding).
  2907 | D:3      | Noticed Terence
  2912 | D:3      | 2912 ||| INVOKING Berserk.
  2915 | D:3      | Killed Terence
  2916 | D:3      | Reached XP level 6. HP: 38/38 MP: 6/6
  3022 | D:3      | 3022 ||| DROPPING +0 flail.
  3160 | D:3      | Found a glowing golden altar of the Shining One.
  3344 | D:3      | 3344 ||| DRINKING 2 sapphire potions.
  3345 | D:3      | 3345 ||| DRINKING 2 grey potions.
  3346 | D:3      | 3346 ||| DROPPING potion of magic.
  3586 | D:4      | 3586 ||| INVOKING Berserk.
  3590 | D:4      | Reached skill level 6 in Axes
  3711 | D:4      | Reached skill level 3 in Armour
  4134 | D:4      | Reached XP level 7. HP: 39/43 MP: 7/7
  4331 | D:4      | 4331 ||| UPGRADING to +0 cloak.
  4336 | D:4      | 4336 ||| READING scroll labelled KYZXEGGUOGE.
  4337 | D:4      | 4337 ||| READING scroll labelled CAMEUST YGIUR.
  4338 | D:4      | 4338 ||| DRINKING 2 fizzy blue potions.
  4339 | D:4      | 4339 ||| DROPPING potion of flight.
  4348 | D:5      | Entered Level 5 of the Dungeon
  4430 | D:5      | Reached skill level 7 in Axes
  4509 | D:5      | Found Vosom's Assorted Antiques.
  4516 | D:5      | 4516 ||| INVOKING Berserk.
  4635 | D:5      | 4635 ||| Stepping ~*~*~tactically~*~*~ (stealth).
  4636 | D:5      | 4636 ||| Stepping ~*~*~tactically~*~*~ (stealth).
  4643 | D:5      | 4643 ||| Stepping ~*~*~tactically~*~*~ (hiding).
  4647 | D:5      | 4647 ||| INVOKING Berserk.
  4866 | D:5      | 4866 ||| BUYING bubbling amethyst potion (27 gold).
  4866 | D:5      | Bought a bubbling amethyst potion for 27 gold pieces
  4866 | D:5      | 4866 ||| SHOPLISTING pair of glowing boots (232 gold, have
                  | 167).
  4866 | D:5      | 4866 ||| BUYING scroll labelled JACOUXT WIGOU (31 gold).
  4866 | D:5      | Bought a scroll labelled JACOUXT WIGOU for 31 gold pieces
  4866 | D:5      | 4866 ||| SHOPLISTING scroll of enchant armour (232 gold,
                  | have 136).
  5020 | D:5      | Noticed Ijyb
  5022 | D:5      | 5022 ||| INVOKING Berserk.
  5035 | D:5      | Killed Ijyb
  5185 | D:5      | Noticed a yak
  5185 | D:5      | Noticed a yak
  5186 | D:5      | Noticed a yak
  5186 | D:5      | Noticed a yak
  5187 | D:5      | 5187 ||| Stepping ~*~*~tactically~*~*~ (stealth).
  5188 | D:5      | 5188 ||| Stepping ~*~*~tactically~*~*~ (stealth).
  5190 | D:5      | 5190 ||| Stepping ~*~*~tactically~*~*~ (stealth).
  5195 | D:5      | 5195 ||| Stepping ~*~*~tactically~*~*~ (stealth).
  5199 | D:5      | 5199 ||| Stepping ~*~*~tactically~*~*~ (stealth).
  5200 | D:5      | 5200 ||| Stepping ~*~*~tactically~*~*~ (stealth).
  5201 | D:5      | 5201 ||| Stepping ~*~*~tactically~*~*~ (stealth).
  5203 | D:5      | 5203 ||| Stepping ~*~*~tactically~*~*~ (stealth).
  5204 | D:5      | 5204 ||| FLEEEEING.
  5205 | D:5      | 5205 ||| FLEEEEING.
  5206 | D:5      | 5206 ||| FLEEEEING.
  5207 | D:5      | 5207 ||| FLEEEEING.
  5208 | D:5      | 5208 ||| FLEEEEING.
  5209 | D:5      | 5209 ||| FLEEEEING.
  5210 | D:5      | 5210 ||| FLEEEEING.
  5211 | D:5      | 5211 ||| FLEEEEING.
  5212 | D:5      | 5212 ||| FLEEEEING.
  5213 | D:5      | 5213 ||| FLEEEEING.
  5214 | D:5      | 5214 ||| FLEEEEING.
  5215 | D:5      | 5215 ||| FLEEEEING.
  5216 | D:5      | 5216 ||| FLEEEEING.
  5217 | D:5      | 5217 ||| FLEEEEING.
  5218 | D:5      | 5218 ||| FLEEEEING.
  5219 | D:5      | 5219 ||| FLEEEEING.
  5220 | D:5      | 5220 ||| FLEEEEING.
  5221 | D:5      | 5221 ||| FLEEEEING.
  5222 | D:5      | 5222 ||| FLEEEEING.
  5223 | D:5      | 5223 ||| FLEEEEING.
  5224 | D:5      | 5224 ||| FLEEEEING.
  5225 | D:5      | 5225 ||| FLEEEEING.
  5226 | D:5      | 5226 ||| FLEEEEING.
  5227 | D:5      | 5227 ||| FLEEEEING.
  5228 | D:5      | 5228 ||| FLEEEEING.
  5229 | D:5      | 5229 ||| STAIRDANCE
  5307 | D:4      | 5307 ||| READING scroll labelled NOTIV JULIO.
  5308 | D:4      | 5308 ||| READING scroll labelled JACOUXT WIGOU.
  5309 | D:4      | 5309 ||| DRINKING 2 inky potions.
  5310 | D:4      | 5310 ||| DRINKING 2 bubbling amethyst potions.
  5310 | D:4      | Gained mutation: Your spells are a little easier to cast,
                  | but a little less powerful. [potion of mutation]
  5310 | D:4      | Gained mutation: You are robust. (+10% HP) [potion of
                  | mutation]
  5332 | D:4      | 5332 ||| DROPPING potion of invisibility.
  5335 | D:5      | 5335 ||| STAIRDANCE
  5338 | D:4      | Killed a yak
  5339 | D:4      | Reached XP level 8. HP: 28/53 MP: 8/8
  5340 | D:4      | Killed a yak
  5341 | D:4      | Reached skill level 8 in Axes
  5491 | D:5      | 5491 ||| STAIRDANCE
  5495 | D:4      | Killed a yak
  5557 | D:5      | Killed a yak
  5558 | D:5      | 5558 ||| STAIRDANCE
  5625 | D:5      | Reached skill level 6 in Fighting
  5658 | D:5      | Noticed Edmund
  5659 | D:5      | 5659 ||| INVOKING Berserk.
  5662 | D:5      | Killed Edmund
  5824 | D:5      | 5824 ||| INVOKING Berserk.
  5828 | D:5      | Reached skill level 9 in Axes
  5863 | D:5      | Noticed Menkaure
  5864 | D:5      | 5864 ||| Stepping ~*~*~tactically~*~*~ (stealth).
  5867 | D:5      | 5867 ||| INVOKING Berserk.
  5868 | D:5      | Killed Menkaure
  5869 | D:5      | Reached XP level 9. HP: 61/61 MP: 9/9
  6033 | D:5      | Noticed Sigmund
  6034 | D:5      | 6034 ||| Stepping ~*~*~tactically~*~*~ (hiding).
  6037 | D:5      | 6037 ||| INVOKING Berserk.
  6041 | D:5      | Killed Sigmund
  6225 | D:5      | Found a staircase to the Ecumenical Temple.
  6374 | D:5      | 6374 ||| READING scroll labelled XYNAELOLEPH.
  6375 | D:5      | 6375 ||| READING scroll labelled VITUBR TEMM.
  6404 | D:6      | 6404 ||| STAIRDANCE
  6423 | D:6      | 6423 ||| STAIRDANCE
  6639 | D:6      | Noticed Dowan
  6640 | D:6      | Noticed Duvessa
  6641 | D:6      | 6641 ||| Stepping ~*~*~tactically~*~*~ (hiding).
  6648 | D:6      | 6648 ||| INVOKING Berserk.
  6656 | D:6      | Killed Duvessa
  6670 | D:6      | Killed Dowan
  6799 | D:6      | 6799 ||| Stepping ~*~*~tactically~*~*~ (stealth).
  6800 | D:6      | 6800 ||| Stepping ~*~*~tactically~*~*~ (stealth).
  6803 | D:6      | 6803 ||| Stepping randomly (stuck).
  6804 | D:6      | 6804 ||| Stepping randomly (stuck).
  6859 | D:6      | Identified the ring of Xom's Fair Game {rElec MP+9 Dex+4
                  | SInv}
  6866 | D:6      | 6866 ||| Stepping ~*~*~tactically~*~*~ (stealth).
  6867 | D:6      | 6867 ||| INVOKING Berserk.
  6872 | D:6      | Reached skill level 10 in Axes
  6989 | D:6      | 6989 ||| Stepping ~*~*~tactically~*~*~ (hiding).
  6992 | D:6      | 6992 ||| Stepping ~*~*~tactically~*~*~ (hiding).
  7080 | D:6      | 7080 ||| UPGRADING to +0 buckler.
  7085 | D:6      | 7085 ||| UPGRADING to ring of Xom's Fair Game {rElec MP+9
                  | Dex+4 SInv}.
  7086 | D:6      | 7086 ||| Stepping randomly (stuck).
  7142 | D:6      | 7142 ||| Stepping randomly (stuck).
  7143 | D:6      | 7143 ||| Stepping randomly (stuck).
  7144 | D:6      | 7144 ||| Stepping randomly (stuck).
  7145 | D:6      | 7145 ||| Stepping randomly (stuck).
  7146 | D:6      | 7146 ||| Stepping randomly (stuck).
  7147 | D:6      | 7147 ||| Stepping randomly (stuck).
  7149 | D:6      | 7149 ||| Stepping randomly (stuck).
  7150 | D:6      | 7150 ||| Stepping randomly (stuck).
  7151 | D:6      | 7151 ||| Stepping randomly (stuck).
  7153 | D:6      | 7153 ||| Stepping randomly (stuck).
  7154 | D:6      | 7154 ||| Stepping randomly (stuck).
  7155 | D:6      | 7155 ||| Stepping randomly (stuck).
  7157 | D:6      | 7157 ||| Stepping randomly (stuck).
  7159 | D:6      | 7159 ||| Stepping randomly (stuck).
  7161 | D:6      | 7161 ||| Stepping randomly (stuck).
  7162 | D:6      | 7162 ||| Stepping randomly (stuck).
  7168 | D:6      | 7168 ||| Stepping ~*~*~tactically~*~*~ (hiding).
  7169 | D:6      | 7169 ||| Stepping ~*~*~tactically~*~*~ (hiding).
  7180 | D:6      | 7180 ||| Stepping ~*~*~tactically~*~*~ (stealth).
  7183 | D:6      | 7183 ||| INVOKING Berserk.
  7184 | D:6      | 7184 ||| INVOKING Berserk.
  7189 | D:6      | Reached skill level 1 in Shields
  7360 | D:6      | 7360 ||| Stepping ~*~*~tactically~*~*~ (stealth).
  7405 | D:6      | Noticed Maggie
  7408 | D:6      | Noticed Grinder
  7409 | D:6      | 7409 ||| INVOKING Trog's Hand.
  7414 | D:6      | 7414 ||| INVOKING Berserk.
  7420 | D:6      | Killed Maggie
  7429 | D:6      | 7429 ||| INVOKING Trog's Hand.
  7437 | D:6      | 7437 ||| INVOKING Trog's Hand.
  7448 | D:6      | Killed Grinder
  7449 | D:6      | Reached XP level 10. HP: 48/70 MP: 10/10
  7698 | D:6      | 7698 ||| Stepping ~*~*~tactically~*~*~ (stealth).
  7701 | D:6      | 7701 ||| Stepping ~*~*~tactically~*~*~ (stealth).
  7703 | D:6      | 7703 ||| Stepping ~*~*~tactically~*~*~ (stealth).
  8159 | D:6      | 8159 ||| DROPPING amulet of faith.
  8160 | D:6      | 8160 ||| READING 2 scrolls of identify.
  8160 | D:6      | 8160 ||| IDENTIFYING blue potion
  8161 | D:6      | 8161 ||| DROPPING potion of degeneration.
  8376 | D:7      | 8376 ||| Stepping ~*~*~tactically~*~*~ (stealth).
  8399 | D:7      | 8399 ||| Stepping ~*~*~tactically~*~*~ (stealth).
  8653 | D:7      | 8653 ||| READING scroll of enchant armour.
  8653 | D:7      | 8653 ||| ENCHANTING +0 helmet.
  8658 | D:7      | 8658 ||| Stepping ~*~*~tactically~*~*~ (hiding).
  8659 | D:7      | 8659 ||| Stepping ~*~*~tactically~*~*~ (hiding).
  9033 | D:7      | 9033 ||| INVOKING Berserk.
  9373 | D:7      | 9373 ||| READING scroll labelled OHYUNWONAKK.
  9417 | D:8      | 9417 ||| PLANNING OSSUARY
  9421 | D:8      | 9421 ||| INVOKING Berserk.
  9424 | D:8      | Reached skill level 1 in Throwing
  9431 | D:8      | 9431 ||| STAIRDANCE
  9545 | D:8      | Found a sand-covered staircase.
  9546 | D:8      | 9546 ||| DRINKING 2 viscous emerald potions.
  9547 | D:8      | 9547 ||| DROPPING potion of attraction.
  9553 | Ossuary  | Entered an ossuary
  9656 | Ossuary  | 9656 ||| Stepping ~*~*~tactically~*~*~ (stealth).
  9657 | Ossuary  | 9657 ||| READING scroll of enchant armour.
  9657 | Ossuary  | 9657 ||| ENCHANTING +1 helmet.
  9661 | Ossuary  | 9661 ||| Stepping ~*~*~tactically~*~*~ (stealth).
  9671 | Ossuary  | 9671 ||| Stepping ~*~*~tactically~*~*~ (stealth).
  9703 | Ossuary  | 9703 ||| Stepping ~*~*~tactically~*~*~ (stealth).
  9755 | Ossuary  | 9755 ||| Stepping ~*~*~tactically~*~*~ (stealth).
  9756 | Ossuary  | 9756 ||| Stepping ~*~*~tactically~*~*~ (stealth).
  9758 | Ossuary  | 9758 ||| Stepping ~*~*~tactically~*~*~ (stealth).
  9934 | Ossuary  | Reached skill level 11 in Axes
 10046 | Ossuary  | 10046 ||| DRINKING 2 bubbling pink potions.
 10087 | Ossuary  | 10087 ||| DRINKING 3 pink potions.
 10088 | Ossuary  | 10088 ||| READING 3 scrolls of identify.
 10088 | Ossuary  | 10088 ||| IDENTIFYING golden potion
 10089 | Ossuary  | 10089 ||| READING 2 scrolls of identify.
 10089 | Ossuary  | 10089 ||| IDENTIFYING purple potion
 10090 | Ossuary  | 10090 ||| DROPPING potion of brilliance.
 10091 | Ossuary  | 10091 ||| DROPPING potion of lignification.
 10109 | D:8      | 10109 ||| PLANNING D:1-11
 10121 | D:8      | Noticed Pikel
 10132 | D:8      | Killed Pikel
 10132 | D:8      | Reached *** piety under Trog
 10133 | D:8      | Reached skill level 6 in Armour
 10670 | D:8      | 10670 ||| Stepping ~*~*~tactically~*~*~ (hiding).
 10673 | D:8      | 10673 ||| INVOKING Berserk.
 10830 | D:8      | 10830 ||| UPGRADING to +0 pair of boots.
 10835 | D:8      | 10835 ||| UPGRADING to +0 pair of gloves.
 10840 | D:8      | 10840 ||| UPGRADING to +4 ring of evasion.
 10908 | D:9      | 10908 ||| Stepping ~*~*~tactically~*~*~ (stealth).
 10909 | D:9      | 10909 ||| Stepping ~*~*~tactically~*~*~ (stealth).
 10912 | D:9      | 10912 ||| Stepping ~*~*~tactically~*~*~ (stealth).
 10932 | D:9      | 10932 ||| Stepping ~*~*~tactically~*~*~ (stealth).
 10943 | D:9      | Noticed Erolcha
 10944 | D:9      | 10944 ||| INVOKING Trog's Hand.
 10947 | D:9      | 10947 ||| INVOKING Berserk.
 10954 | D:9      | Killed Erolcha
 10955 | D:9      | Reached XP level 11. HP: 75/75 MP: 11/11
 11137 | D:9      | 11137 ||| Stepping ~*~*~tactically~*~*~ (hiding).
 11142 | D:9      | 11142 ||| INVOKING Berserk.
 11153 | D:9      | Reached skill level 9 in Fighting
 11343 | D:9      | 11343 ||| Stepping ~*~*~tactically~*~*~ (stealth).
 11345 | D:9      | 11345 ||| Stepping ~*~*~tactically~*~*~ (stealth).
 11359 | D:9      | 11359 ||| Stepping ~*~*~tactically~*~*~ (stealth).
 11360 | D:9      | 11360 ||| Stepping ~*~*~tactically~*~*~ (stealth).
 11368 | D:9      | 11368 ||| Stepping ~*~*~tactically~*~*~ (stealth).
 11369 | D:9      | 11369 ||| Stepping ~*~*~tactically~*~*~ (stealth).
 11370 | D:9      | 11370 ||| Stepping ~*~*~tactically~*~*~ (stealth).
 11812 | D:9      | 11812 ||| INVOKING Berserk.
 11836 | D:9      | HP: 11/78 [ice beast[an ice statue] (13)]
 11837 | D:9      | 11837 ||| READING 2 scrolls of teleportation.
 11837 | D:9      | Killed from afar by an ice statue

Levels and vault maps discovered:
D:1:      lightli_arrival_quake, layout_basic, chequers_hall_statues_wall_a,
          minmay_tromino_i4
D:2:      layout_rooms, hellmonk_ecumenical_altar_pennies_from_heaven
D:3:      layout_loops_ring, marbit_many_paths, mainiacjoe_overflow_boulevard,
          gammafunk_temple_overflow_wave, serial_bayou, serial_bayou_pond_e,
          serial_bayou_ford_a, serial_bayou_lake_a, serial_bayou_pond_e,
          serial_bayou_shore_b, moated_statue, uniq_terence
D:4:      layout_gridville, kennysheep_generic_room_13
D:5:      layout_basic, minmay_temple_entry_from_below_a, serial_shops,
          nicolae_shop_window_shopping, uniq_sigmund, uniq_menkaure, uniq_ijyb,
          uniq_edmund
D:6:      minmay_chambers_of_fours, layout_loops_cross, serial_glass,
          glass_columns_a, glass_columns_c, uniq_duvessa, uniq_grinder,
          uniq_maggie
D:7:      layout_loops_cross
D:8:      layout_basic, nicolae_ossuary_entry_plus, uniq_pikel
D:9:      lemuel_ice_statue, layout_irregular_city, chequers_mini_garden,
          uniq_erolcha

Skill      XL: |  1  2  3  4  5  6  7  8  9 10 11 |
---------------+----------------------------------+-----
Axes           | 3 4 5 6 7 9 10 11 | 11.3
Fighting       | 4 5 6 7 8 9 |  9.0
Armour         | 3 4 5 7 |  7.6
Shields        | 4 5 |  5.0
Dodging        | 2 |  2.9
Throwing       | 1 |  1.3

Action                   |  1- 3 |  4- 6 |  7- 9 | 10-12 || total
-------------------------+-------+-------+-------+-------++-------
Melee: Hand axe          |   117 |       |       |       ||   117
       War axe           |     3 |   129 |   224 |   354 ||   710
       Punch             |       |     2 |     4 |       ||     6
       Unarmed           |       |       |     3 |       ||     3
Throw: Boomerang         |       |       |       |    21 ||    21
Invok: Berserk           |       |     4 |    11 |     6 ||    21
       Trog's Hand       |       |       |     3 |     1 ||     4
  Use: Scroll            |     2 |     2 |     6 |     7 ||    17
       Potion            |     1 |     3 |     3 |     3 ||    10
Armor: Animal skin       |    26 |       |       |       ||    26
       Chain mail        |    26 |    95 |   148 |   175 ||   444
       Skin              |       |       |     7 |       ||     7
Dodge: Dodged            |    70 |    45 |    94 |   158 ||   367
Block: Buckler           |       |       |     8 |    68 ||    76

Table legend:
 A = Non-vault XP
 B = Vault XP
 C = Vault XP percentage of total XP
 D = Non-vault monster count
 E = Vault monster count
 F = Vault count percentage of total count
                 A         B        C        D         E       F
            +---------+---------+-------+---------+---------+-------
      Total |    6384 |    3667 |  36.5 |     165 |      32 |  16.2
            +---------+---------+-------+---------+---------+-------
        D:1 |      38 |       6 |  13.6 |      21 |       3 |  12.5
        D:2 |      64 |       0 |   0.0 |      11 |       0 |   0.0
        D:3 |     192 |      38 |  16.5 |      15 |       2 |  11.8
        D:4 |     986 |       0 |   0.0 |      15 |       0 |   0.0
        D:5 |     993 |     608 |  38.0 |      14 |       4 |  22.2
        D:6 |    1128 |    1413 |  55.6 |      24 |      10 |  29.4
        D:7 |    1224 |       0 |   0.0 |      23 |       0 |   0.0
        D:8 |     986 |     629 |  38.9 |      24 |       1 |   4.0
        D:9 |     773 |     867 |  52.9 |      18 |       1 |   5.3
    Ossuary |       0 |     106 | 100.0 |       0 |      11 | 100.0
            +---------+---------+-------+---------+---------+-------
